 Dungeon Crawl Stone Soup version 0.31-a0-204-g7da18cac08 (webtiles) character file.

Game seed: 13077037306780272952

22 qw the Shooter (level 2, -4/16 HPs)
             Began as a Deep Elf Hunter on June 27, 2023.
             Slain by a cerulean imp
             ... wielding a +3 spear
             ... summoned by Natasha
              (5 damage)
             ... on level 2 of the Dungeon.
             The game lasted 00:00:16 (541 turns).

qw the Shooter (Deep Elf Hunter)                     Turns: 541, Time: 00:00:17

Health: -4/16      AC:  5    Str:  8    XL:     2   Next: 68%
Magic:  4/4        EV: 10    Int: 13    God:
Gold:   49         SH:  0    Dex: 18    Spells: 1/1 levels left

rFire   + . .        Y - +0 shortbow
rCold   . . .        (shield currently unavailable)
rNeg    . . .        h - +0 ring mail
rPois   .            (no helmet)
rElec   .            (no cloak)
rCorr   .            (no gloves)
SInv    .            (no boots)
Will    .....        (no amulet)
Stlth   +            e - ring of protection from fire
HPRegen 0.22/turn    (no ring)
MPRegen 0.09/turn

%: no passive effects
@: no status effects
A: no striking features
a: no special abilities


You were on level 2 of the Dungeon.
You visited 1 branch of the dungeon, and saw 2 of its levels.

You collected 49 gold pieces.


   Skills:
 - Level 1.5 Fighting
 + Level 6.4 Ranged Weapons
 - Level 2.4 Dodging
 - Level 1.2 Stealth


You had one spell level left.
You didn't know any spells.
Your spell library was empty.

Inventory:

Hand Weapons
 Y - a +0 shortbow (weapon)
Armour
 h - a +0 ring mail (worn)
Jewellery
 a - a ring of protection from cold
 e - a ring of protection from fire (left hand)
Potions
 b - a potion of berserk rage {unknown}
 f - a potion of attraction {unknown}
 g - a potion of enlightenment {unknown}

Dungeon Overview and Level Annotations

Branches:
Dungeon (2/15)

Altars:

Annotations:
D:2 Natasha


Message History

The ball python is severely wounded.
You shoot an arrow. The arrow hits the goblin!
You kill the goblin!
Natasha, Servant of Life and Death comes into view.
Found a scroll labelled TOPAUXOMOWK.
Natasha hisses angrily.
You shoot an arrow. The arrow hits the ball python.
You kill the ball python!
Natasha mumbles some strange words.
Natasha shimmers violently.
You shoot an arrow. The arrow closely misses Natasha.
Natasha stares at you and mumbles some strange words.
You resist with significant effort.
You shoot an arrow.
The arrow hits Natasha but does no damage.
You shoot an arrow. The arrow hits Natasha.
Natasha is lightly wounded.
You shoot an arrow.
The arrow hits Natasha but does no damage.
Natasha is lightly wounded.
Natasha casts a spell at you. You resist with significant effort.
You shoot an arrow. The arrow barely misses Natasha.
Natasha closely misses you.
Natasha mumbles some strange words.
You shoot an arrow. The arrow closely misses Natasha.
Natasha claws you! The cerulean imp barely misses you.
You shoot an arrow. The arrow hits Natasha.
Natasha is heavily wounded.
Natasha closely misses you.
The cerulean imp hits you with a +3 spear.
You shoot an arrow. The arrow closely misses Natasha.
Natasha claws you. The cerulean imp barely misses you.
You shoot an arrow. The arrow barely misses Natasha.
Natasha closely misses you.
The cerulean imp hits you with a +3 spear.
Natasha casts a spell at you. The magic dart hits you.
The cerulean imp hits you with a +3 spear.
You die...

#.......#########....
#.......# #....
#.......# #....
#.......# #...^
####)...# #.### .
#...#### #.#
)..##...####### #.#
........'...... #.#
...##.5@####### #.###
.. +..h%.?.... .....
. #.......... ..###
#.......... #.#
#..........
#..........
#.[........
........... #


You could see Natasha and a cerulean imp (summoned).

Vanquished Creatures
  A bat (D:1)
  2 endoplasms (D:1)
  A hobgoblin (D:1)
  4 kobolds (D:1)
  A quokka (D:2)
  5 ball pythons
  3 goblins
  2 rats
19 creatures vanquished.

Notes
Turn   | Place    | Note
-------+----------+-------------------------------------------
     0 | D:1      | qw the Deep Elf Hunter began the quest for the Orb.
     0 | D:1      | Reached XP level 1. HP: 12/12 MP: 3/3
     0 | D:1      | 0 ||| qw: Version: 0.3-a-22-g0ed2b0b
     0 | D:1      | 0 ||| qw: Game counter: 6534
     0 | D:1      | 0 ||| qw: Melee chars always use a shield: true
     0 | D:1      | 0 ||| qw: God list: Okawaru
     0 | D:1      | 0 ||| qw: Allow faded altars: false
     0 | D:1      | 0 ||| qw: Do Orc after clearing Dungeon:15 true
     0 | D:1      | 0 ||| qw: Do second Lair branch before Depths: true
     0 | D:1      | 0 ||| qw: Lair rune preference: random
     0 | D:1      | 0 ||| qw: Goals: Normal
     0 | D:1      | 0 ||| PLANNING D:1-11
    17 | D:1      | 17 ||| DROPPING scroll of butterflies.
   195 | D:1      | Reached XP level 2. HP: 16/16 MP: 4/4
   209 | D:1      | Reached skill level 6 in Ranged Weapons
   393 | D:1      | 393 ||| UPGRADING to +0 ring mail.
   403 | D:1      | 403 ||| DROPPING +0 leather armour.
   404 | D:1      | 404 ||| UPGRADING to ring of protection from fire.
   405 | D:1      | 405 ||| READING scroll labelled LANIES XUNIVA.
   406 | D:1      | 406 ||| READING scroll labelled XONICV KOHISS.
   407 | D:1      | 407 ||| READING scroll labelled MEUNI WOOL.
   531 | D:2      | Noticed Natasha
   540 | D:2      | HP: 3/16 [Natasha (2)]
   541 | D:2      | HP: 1/16 [Natasha/magic dart (2)]
   541 | D:2      | Slain by a cerulean imp

Levels and vault maps discovered:
D:1:      giann_bridges, layout_basic
D:2:      layout_basic, uniq_natasha

Skill      XL: |  1  2 |
---------------+-------+-----
Ranged Weapons | 6 |  6.4
Fighting       | |  1.5
Dodging        | |  2.4
Stealth        | |  1.2

Action                     || total
---------------------------++-------
   Fire: Shortbow          ||    46
    Use: Scroll            ||     3
 Armour: Leather armour    ||     1
  Dodge: Dodged            ||    12

Table legend:
 A = Non-vault XP
 B = Vault XP
 C = Vault XP percentage of total XP
 D = Non-vault monster count
 E = Vault monster count
 F = Vault count percentage of total count
                 A         B        C        D         E       F
            +---------+---------+-------+---------+---------+-------
      Total |      32 |       0 |   0.0 |      19 |       0 |   0.0
            +---------+---------+-------+---------+---------+-------
        D:1 |      24 |       0 |   0.0 |      14 |       0 |   0.0
        D:2 |       8 |       0 |   0.0 |       5 |       0 |   0.0
            +---------+---------+-------+---------+---------+-------
